Map: Lightshade LE

Players

ViBE - Winner!

  • Race: Protoss Protoss
  • League: Bronze
  • Spawn Location: 5:00

PopToss

  • Race: Protoss Protoss
  • League: Master
  • Spawn Location: 11:00

VOD

https://www.youtube.com/watch?v=VjhJ7E-kFgw&list=PLFeZeom2b4DnD3FIu7pzkXl51JX_WWz2h&index=2

Description

Time

  • Played on: March 10, 2021, 8:43 p.m.
  • Length: 5:33
Show
View Real Time Build Order
Export as new Build Order

ViBE Protoss - Winner!

Build Orders: 1 Gate Expand 

Get SALT Encoding   

  12  0:00  Probe  
  13  0:12  Probe  
  14  0:24  Pylon  
  14  0:25  Probe  
  15  0:42  Probe  
  16  0:44  Gateway  
  16  0:49  Assimilator  
  16  0:54  Probe  
  17  1:06  Probe  
  19  1:18  Probe  
  19  1:30  Probe  
  20  1:39  Nexus  
  20  1:45  Cybernetics Core  
  20  1:48  Probe  
  20  1:54  Assimilator  
  21  2:00  Probe  
  22  2:11  Pylon  
  22  2:13  Probe  
  23  2:22  Warp Gate  
  23  2:29  Stalker  
  25  2:36  Probe  
  26  2:48  Probe  
  27  2:55  Probe  
  28  3:00  Probe  
  28  3:01  Stalker  
  28  3:03  Robotics Facility  
  28  3:05  Gateway  
  31  3:07  Probe  
  31  3:12  Probe  
  33  3:21  Probe  
  34  3:28  Probe  
  34  3:32  Stalker  
  34  3:33  Probe  
  38  3:38  Pylon  
  38  3:40  Probe  
  39  3:45  Probe  
  40  3:51  Pylon  
  40  3:56  Pylon  
  40  4:02  Pylon  
  40  4:07  Pylon  
  40  4:12  Pylon  
  40  4:16  Pylon  
  40  4:23  Pylon  
  40  4:26  Pylon  
  40  4:32  Pylon  
  40  4:34  Pylon  
  40  4:39  Pylon  
  40  4:40  Pylon  
  40  4:43  Pylon  
  40  4:44  Pylon  
  40  4:47  Pylon  
  40  4:48  Pylon  
  40  4:59  Pylon  
  44  5:00  Probe x2  
  46  5:17  Probe x2  
  46  5:19  Pylon  
  48  5:29  Pylon  
Show
View Real Time Build Order
Export as new Build Order

PopToss Protoss 

Build Orders: Cannon Rush 

Get SALT Encoding   

  12  0:14  Probe  
  13  0:23  Pylon  
  13  0:26  Probe  
  14  0:39  Pylon  
  14  0:43  Forge  
  14  0:47  Probe  
  15  0:59  Probe  
  16  1:11  Probe  
  17  1:18  Photon Cannon  
  17  1:22  Photon Cannon  
  17  1:31  Photon Cannon  
  17  1:43  Photon Cannon  
  17  2:02  Pylon  
  17  2:09  Pylon  
  17  2:15  Probe  
  18  2:25  Photon Cannon  
  18  2:29  Photon Cannon  
  18  2:31  Photon Cannon  
  18  2:57  Nexus  
  18  2:58  Probe  
  19  3:11  Gateway  
  19  3:17  Assimilator  
  19  3:20  Probe  
  20  3:30  Pylon  
  20  3:32  Pylon  
  20  3:42  Gateway  
  20  3:51  Gateway  
  20  3:59  Photon Cannon  
  20  4:07  Photon Cannon  
  20  4:17  Photon Cannon  
  20  4:20  Probe  
  21  4:32  Probe  
  21  4:37  Zealot  
  21  4:38  Zealot x2  
  28  4:45  Probe  
  29  5:06  Probe  
  30  5:18  Probe  
Tags
 
Add a new tag
Caveats
  • Supply blocks, unpowered buildings, or Contaminate may cause inaccurate times.
  • Supply counts are checked every 10 seconds.